 Dungeon Crawl Stone Soup version 0.31-a0-174-g85c54bcb58 (webtiles) character file.

Game seed: 216243438569877280

202 qw the Chopper (level 5, -16/33 HPs)
             Began as a Gargoyle Fighter on June 15, 2023.
             Demolished by Edmund
             ... wielding a +1 flail of distortion
              (24 damage)
             ... on level 4 of the Dungeon.
             The game lasted 00:01:22 (2646 turns).

qw the Chopper (Gargoyle Fighter)                   Turns: 2646, Time: 00:01:23

Health: -16/33     AC: 13    Str: 22    XL:     5   Next: 80%
Magic:  5/5        EV:  8    Int:  8    God:
Gold:   135        SH:  4    Dex:  9    Spells: 4/4 levels left

rFire   . . .        Y - +1 war axe
rCold   . . .        c - +0 buckler
rNeg    + . .        j - +0 chain mail
rPois   inf          (no helmet)
rElec   +            (no cloak)
rCorr   .            (no gloves)
SInv    .            (no boots)
Will    .....        (no amulet) Stlth
                     (no ring)
HPRegen 0.25/turn    (no ring)
MPRegen 0.09/turn

%: no passive effects
@: no status effects
A: sickness immunity, AC +4, negative energy resistance 1, electricity
resistance, torment resistance 1, petrification resistance
a: no special abilities


You were on level 4 of the Dungeon.
You visited 1 branch of the dungeon, and saw 4 of its levels.

You collected 145 gold pieces.
You spent 10 gold pieces at shops.


Innate Abilities, Weirdness & Mutations

You are immune to sickness and miasma.
Your stone body is resilient. (AC +4)
You are immune to poison.
You resist negative energy. (rN+)
You are resistant to electric shocks. (rElec)
You are resistant to unholy torment.
You are immune to petrification.


   Skills:
 + Level 3.7 Fighting
 - Level 5.1 Axes
 - Level 3.2 Armour
 - Level 3.2 Shields


You had 4 spell levels left.
You didn't know any spells.
Your spell library was empty.

Inventory:

Hand Weapons
 e - a +0 club
 Y - a +1 war axe (weapon)
Armour
 c - a +0 buckler (worn)
 j - a +0 chain mail (worn)
 m - an orb of light
Scrolls
 a - a scroll of identify
 k - 2 scrolls of teleportation
Potions
 b - a potion of heal wounds {unknown}
 d - a potion of might
 f - a potion of resistance
 g - a potion of magic {unknown}
 h - a potion of attraction {unknown}
 i - a potion of enlightenment {unknown}
 l - a potion of invisibility {unknown}

Dungeon Overview and Level Annotations

Branches:
Dungeon (4/15)
 Temple: D:4-7

Altars:
Xom

Shops:
D:1 (

Annotations:
D:4 Edmund


Message History

The iguana barely misses you.
You closely miss the iguana.
The iguana is almost dead.
You block the iguana's attack.
You hit the iguana but do no damage.
The iguana is almost dead.
You block the iguana's attack. The iguana bites you!
You hit the iguana.
You kill the iguana!
You start resting.
HP restored.
b - a sapphire potion
m - an orb of light Edmund the Younger comes into view.
He is wielding a +1 flail of distortion.
You slash Edmund!
Edmund is lightly wounded.
Edmund hits you with a +1 flail of distortion.
You blink.
You slash Edmund!
Edmund is moderately wounded.
Edmund hits you but does no damage.
You blink.
2640 ||| FLEEEEING.
2641 ||| FLEEEEING.
You hit Edmund.
Edmund is heavily wounded.
Edmund hits you with a +1 flail of distortion.
Space warps horribly around you!
You barely miss Edmund.
Edmund is heavily wounded.
Edmund barely misses you.
You closely miss Edmund.
Edmund is heavily wounded.
Edmund hits you with a +1 flail of distortion.
You slash Edmund!
Edmund is severely wounded.
Edmund hits you but does no damage. Space warps around you.
Edmund hits you with a +1 flail of distortion.
Space warps horribly around you!!
Ouch! That really hurt!
You die...

#........#
#........#
#.....ยค..#
#.......$#
#######.## #.#
#.# ##@# .#
#########@.# [..
...##.....#######
##.##
#.#..###.......#
..... #...##
#######.#
......#..##
......#..#
.._......#
.....#..#
.....#(##


You could see Edmund.

Vanquished Creatures
  An iguana (D:4)
  A sleepcap (D:4)
  4 gnolls (D:3)
  3 adders
  An ufetubus (D:3)
  2 worms
  6 orcs (D:3)
  2 ball pythons
  5 endoplasms
  4 giant cockroaches
  5 goblins
  8 hobgoblins
  2 jackals (D:3)
  4 quokkas
  7 bats
  4 frilled lizards (D:1)
  8 kobolds
  6 rats
73 creatures vanquished.

Notes
Turn   | Place    | Note
-------+----------+-------------------------------------------
     0 | D:1      | qw the Gargoyle Fighter began the quest for the Orb.
     0 | D:1      | Reached XP level 1. HP: 14/14 MP: 1/1
     0 | D:1      | 0 ||| qw: Version: 0.2-a-29-g511e9b1
     0 | D:1      | 0 ||| qw: Game counter: 5263
     0 | D:1      | 0 ||| qw: Always use a shield: true
     0 | D:1      | 0 ||| qw: God list: Okawaru
     0 | D:1      | 0 ||| qw: Allow faded altars: false
     0 | D:1      | 0 ||| qw: Do Orc after D:15 true
     0 | D:1      | 0 ||| qw: Do second Lair branch before Depths: true
     0 | D:1      | 0 ||| qw: Lair rune preference: random
     0 | D:1      | 0 ||| qw: Plans: Normal, Zot:1-4, Slime:5, God:TSO, Crypt,
                  | Tomb, Abyss, Pan, Hells, Win
     0 | D:1      | 0 ||| PLANNING D:1-11
    80 | D:1      | Reached skill level 2 in Axes
   167 | D:1      | Reached XP level 2. HP: 19/19 MP: 2/2
   196 | D:1      | 196 ||| Stepping ~*~*~tactically~*~*~ (hiding).
   257 | D:1      | Found Doargh's Weapon Emporium.
   260 | D:1      | 260 ||| BUYING +0 club (10 gold).
   260 | D:1      | Bought a +0 club for 10 gold pieces
   525 | D:1      | Reached skill level 3 in Axes
   687 | D:1      | Reached XP level 3. HP: 23/23 MP: 3/3
  1006 | D:1      | 1006 ||| READING scroll labelled SIABINK VONILA.
  1102 | D:2      | 1102 ||| FLEEEEING.
  1103 | D:2      | 1103 ||| FLEEEEING.
  1104 | D:2      | 1104 ||| FLEEEEING.
  1105 | D:2      | 1105 ||| FLEEEEING.
  1486 | D:2      | Reached XP level 4. HP: 26/28 MP: 4/4
  1799 | D:2      | Reached skill level 4 in Axes
  1912 | D:2      | 1912 ||| READING scroll labelled FAEZAUCIS.
  1913 | D:2      | 1913 ||| READING 3 scrolls labelled FOATEA NAAGUG.
  1914 | D:2      | 1914 ||| READING scroll labelled TIPLEF TEZXIDU.
  1915 | D:2      | 1915 ||| READING 2 scrolls of identify.
  1915 | D:2      | 1915 ||| IDENTIFYING murky dark potion
  1916 | D:2      | 1916 ||| DROPPING 2 scrolls of immolation.
  2005 | D:3      | 2005 ||| Stepping ~*~*~tactically~*~*~ (stealth).
  2030 | D:3      | 2030 ||| Stepping ~*~*~tactically~*~*~ (stealth).
  2051 | D:3      | 2051 ||| FLEEEEING.
  2052 | D:3      | 2052 ||| FLEEEEING.
  2053 | D:3      | 2053 ||| FLEEEEING.
  2054 | D:3      | 2054 ||| FLEEEEING.
  2055 | D:3      | 2055 ||| FLEEEEING.
  2056 | D:3      | 2056 ||| FLEEEEING.
  2057 | D:3      | 2057 ||| FLEEEEING.
  2058 | D:3      | 2058 ||| FLEEEEING.
  2059 | D:3      | 2059 ||| FLEEEEING.
  2060 | D:3      | 2060 ||| FLEEEEING.
  2061 | D:3      | 2061 ||| FLEEEEING.
  2062 | D:3      | 2062 ||| FLEEEEING.
  2063 | D:3      | 2063 ||| FLEEEEING.
  2064 | D:3      | 2064 ||| FLEEEEING.
  2065 | D:3      | 2065 ||| FLEEEEING.
  2066 | D:3      | 2066 ||| FLEEEEING.
  2067 | D:3      | 2067 ||| FLEEEEING.
  2068 | D:3      | 2068 ||| FLEEEEING.
  2069 | D:3      | 2069 ||| STAIRDANCE
  2100 | D:3      | 2100 ||| Stepping ~*~*~tactically~*~*~ (stealth).
  2160 | D:3      | 2160 ||| Stepping ~*~*~tactically~*~*~ (hiding).
  2168 | D:3      | Reached XP level 5. HP: 30/32 MP: 5/5
  2489 | D:3      | 2489 ||| UPGRADING to +0 chain mail.
  2499 | D:3      | 2499 ||| DROPPING +0 scale mail.
  2500 | D:3      | 2500 ||| READING 3 scrolls labelled LOXARAA VIAQI.
  2504 | D:3      | 2504 ||| READING scroll labelled VAINYRPH EREV.
  2505 | D:3      | 2505 ||| READING scroll labelled WEDUHE ZAASE.
  2544 | D:4      | Found a shimmering altar of Xom.
  2553 | D:4      | Reached skill level 5 in Axes
  2633 | D:4      | Noticed Edmund
  2640 | D:4      | 2640 ||| FLEEEEING.
  2641 | D:4      | 2641 ||| FLEEEEING.
  2646 | D:4      | HP: 8/33 [Edmund/+1 flail of distortion (2)]
  2646 | D:4      | Demolished by Edmund

Levels and vault maps discovered:
D:1:      shiori_arrival_oz, layout_loops_corners, serial_shops,
          nicolae_shop_behind_doors
D:2:      layout_loops_corners
D:3:      layout_rooms, hangedman_decor_growths
D:4:      layout_basic, kennysheep_little_box, old_standard_altar, uniq_grinder,
          uniq_edmund

Skill      XL: |  1  2  3  4  5 |
---------------+----------------+-----
Axes           | 2 3 4 5 |  5.1
Fighting       | |  3.7
Armour         | |  3.2
Shields        | |  3.2

Action                     |  1- 3 |  4- 6 || total
---------------------------+-------+-------++-------
  Melee: War axe           |   118 |    99 ||   217
    Use: Scroll            |     1 |     7 ||     8
 Armour: Scale mail        |    56 |    44 ||   100
         Chain mail        |       |     4 ||     4
  Dodge: Dodged            |    50 |    59 ||   109
  Block: Buckler           |    19 |    19 ||    38

Table legend:
 A = Non-vault XP
 B = Vault XP
 C = Vault XP percentage of total XP
 D = Non-vault monster count
 E = Vault monster count
 F = Vault count percentage of total count
                 A         B        C        D         E       F
            +---------+---------+-------+---------+---------+-------
      Total |     285 |       4 |   1.4 |      71 |       2 |   2.7
            +---------+---------+-------+---------+---------+-------
        D:1 |      38 |       4 |   9.5 |      26 |       2 |   7.1
        D:2 |      59 |       0 |   0.0 |      19 |       0 |   0.0
        D:3 |     120 |       0 |   0.0 |      24 |       0 |   0.0
        D:4 |      68 |       0 |   0.0 |       2 |       0 |   0.0
            +---------+---------+-------+---------+---------+-------
